 Dungeon Crawl Stone Soup version 0.20.1-1-g8b1a95d (webtiles) character file.

48 Raiden350 the Conjurer (level 3, -1/20 HPs)
             Began as a Tengu Conjurer on Oct 7, 2017.
             Was an Initiate of Sif Muna.
             Slain by a worm (6 damage)
             ... on level 2 of the Dungeon.
             The game lasted 00:07:31 (1643 turns).

Raiden350 the Conjurer (Tengu Conjurer)             Turns: 1643, Time: 00:07:32

Health: -1/20      AC:  2    Str:  8    XL:     3   Next: 72%
Magic:  1/8        EV: 13    Int: 16    God:    Sif Muna [......]
Gold:   71         SH:  0    Dex: 14    Spells: 2/8 levels left

rFire    . . .     SeeInvis .   (no weapon)
rCold    . . .     Gourm    .   (no shield)
rNeg     . . .     Faith    .   a - +0 robe
rPois    .         Spirit   .   (helmet restricted)
rElec    .         Reflect  .   (no cloak)
rCorr    .         Harm     .   (no gloves)
MR       .....                  (boots unavailable)
Stlth    ++........             (no amulet)
Regen    0.1/turn               (no ring)
MPRegen  0.2/turn               (no ring)

@: no status effects
A: beak, talons 3
a: Renounce Religion


You were on level 2 of the Dungeon.
You worshipped Sif Muna.
Sif Muna was noncommittal.
You were not hungry.

You visited 1 branch of the dungeon, and saw 2 of its levels.

You collected 71 gold pieces.

Inventory:

Armour
 a - a +0 robe (worn)
Scrolls
 d - a scroll of immolation {unknown}
 e - a scroll of magic mapping {unknown}
 h - a scroll of remove curse {unknown}
 i - 2 scrolls of random uselessness {unknown}
 j - a scroll of blinking {unknown}
 k - 3 scrolls of teleportation {unknown}
Potions
 g - a potion of degeneration {unknown}
Books
 b - a book of Conjurations

   Spells                             Type                      Level
   a - Magic Dart                     Conjuration                  1
   b - Searing Ray                    Conjuration                  2
   c - Dazzling Spray                 Conjuration/Hexes            3
   d - Fulminant Prism                Conjuration/Hexes            4
   e - Force Lance                    Conjuration/Translocation    4
   f - Iskenderun's Mystic Blast      Conjuration                  4
Comestibles
 c - 2 bread rations
 f - 2 meat rations
 l - 2 chunks of flesh


   Skills:
 - Level 1.0 Fighting
 - Level 3.0 Dodging
 - Level 2.0 Stealth
 - Level 3.0 Spellcasting
 - Level 5.3 Conjurations
 + Level 0.0 Hexes


You had 2 spell levels left.
You knew the following spells:

 Your Spells              Type           Power        Failure   Level  Hunger
a - Magic Dart            Conj           ###.         1%          1    #......
b - Searing Ray           Conj           ###...       3%          2    ##.....
c - Dazzling Spray        Conj/Hex       ##....       19%         3    ###....


Dungeon Overview and Level Annotations

Branches:
Dungeon (2/15)

Altars:
Hepliaklqana
Sif Muna


Innate Abilities, Weirdness & Mutations

You have a beak for a mouth.
You have claws for feet.


Message History

The worm is severely wounded. 2 gnolls come into view.
A gnoll comes into view. It is wielding a club.
A gnoll comes into view. It is wielding a flail.
The gnoll shouts! x2
You hit the worm.
The worm is severely wounded.
The worm bites you but does no damage.
You hit the worm but do no damage. You claw the worm, but do no damage.
The worm is severely wounded.
The worm bites you.
* * * LOW HITPOINT WARNING * * *
You hit the worm but do no damage. Your kick misses the worm.
You peck the worm.
The worm is severely wounded.
The gnoll shouts!
You hit the worm but do no damage.
The worm is severely wounded.
The worm bites you.
You die...

......#........)# #####......#
.....##.......## ##.....####.#
.....#........# #..########.###
..............#####.## #........
......#.......#.....# ###........
................#######......>...
....##........### ##..#........
...###.......########.<##########
....###g..g.g.g.@w....##
....##.......##########
....##.......# ....##.......#
....###.....## ...## ##..<## ..##
##### ###


You could see a worm and 3 gnolls.

Vanquished Creatures
  An adder (D:2)
  A worm (D:2)
  2 dart slugs (D:1)
  A leopard gecko (D:2)
  A ball python (D:2)
  3 goblins
  4 hobgoblins
  2 jackals (D:1)
  5 kobolds
  4 bats
  A frilled lizard (D:1)
  6 rats
31 creatures vanquished.

Vanquished Creatures (others)
  A rat (D:1)
1 creature vanquished.

Grand Total: 32 creatures vanquished

Notes
Turn   | Place    | Note
-------+----------+-------------------------------------------
     0 | D:1      | Raiden350 the Tengu Conjurer began the quest for the Orb.
     0 | D:1      | Reached XP level 1. HP: 10/10 MP: 4/4
   393 | D:1      | Reached skill level 1 in Fighting
   403 | D:1      | Reached XP level 2. HP: 11/16 MP: 1/6
   744 | D:1      | Learned a level 2 spell: Searing Ray
  1200 | D:2      | Reached XP level 3. HP: 20/20 MP: 5/7
  1234 | D:2      | Found a deep blue altar of Sif Muna.
  1240 | D:2      | Became a worshipper of Sif Muna the Loreminder
  1467 | D:2      | Learned a level 3 spell: Dazzling Spray
  1532 | D:2      | Found a hazy altar of Hepliaklqana.
  1643 | D:2      | Slain by a worm

Skill      XL: |  1  2  3 |
---------------+----------+-----
Fighting       | 1 |  1.0
Dodging        | 3 |  3.0
Spellcasting   | 3 |  3.0
Stealth        | |  2.0
Conjurations   | |  5.3

Action                   || total
-------------------------++-------
Melee: Unarmed           ||    16
       Kick              ||     4
       Peck              ||     2
 Cast: Magic Dart        ||    58
       Searing Ray       ||     4
       Dazzling Spray    ||     1
  Use: Potion            ||     1
  Eat: Chunk             ||     3
Armor: Robe              ||     4
Dodge: Dodged            ||    10
